 Dungeon Crawl Stone Soup version 0.29-a0-11-ga75d3d97ab (webtiles) character file.

Game seed: 14830064703195945789

2088 quinnr the Zephyrmancer (level 9, -6/50 HPs)
             Began as a Tengu Air Elementalist on Jan 29, 2022.
             Was a Follower of Vehumet.
             Mangled by an unseen horror (9 damage)
             ... on level 7 of the Dungeon.
             The game lasted 00:14:31 (8602 turns).

quinnr the Zephyrmancer (Tengu Air Elementalist)    Turns: 8602, Time: 00:14:31

Health: -6/50      AC:  4    Str:  9    XL:     9   Next: 27%
Magic:  6/17       EV: 14    Int: 20    God:    Vehumet [*.....]
Gold:   38         SH:  0    Dex: 14    Spells: 9/18 levels left

rFire   . . .      SeeInvis .   m - +0 dagger (drain)
rCold   + . .      Faith    .   (no shield)
rNeg    . . .      Spirit   .   f - +2 robe {rC+}
rPois   .          Reflect  .   (helmet restricted)
rElec   .          Harm     .   (no cloak)
rCorr   .          Rampage  .   (no gloves)
Will    .....                   (boots unavailable)
Stlth   +++.......              (no amulet)
HPRegen 0.16/turn               (no ring)
MPRegen 0.15/turn               (no ring)

@: flying quickly and evasively, invisible, quick
A: beak, talons 3, nimble flight
a: Renounce Religion


You were on level 7 of the Dungeon.
You worshipped Vehumet.
Vehumet was aware of your devotion.
You visited 1 branch of the dungeon, and saw 7 of its levels.

You collected 304 gold pieces.
You spent 266 gold pieces at shops.

Inventory:

Hand Weapons
 m - a +0 dagger of draining (weapon)
Missiles
 i - 13 poisoned darts
Armour
 a - a +0 robe
 f - a +2 robe of cold resistance (worn)
 s - the +1 pair of gloves "Usehahoc" {-Cast rC+ rN+ Regen+}
   (You bought it in a shop on level 7 of the Dungeon)

   rC:        It protects you from cold.
   rN:        It protects you from negative energy.
   -Cast:     It prevents spellcasting.
   Regen:     It increases your rate of health regeneration.
Jewellery
 b - a ring of wizardry
Wands
 q - a wand of flame (13)
Scrolls
 c - a scroll of silence {unknown}
 d - a scroll of amnesia {unknown}
 e - a scroll of identify
 g - 2 scrolls of blinking {unknown}
 j - a scroll of vulnerability {unknown}
 k - a scroll of summoning {unknown}
 l - a scroll of torment {unknown}
Potions
 h - a potion of cancellation
 n - a potion of resistance {unknown}


   Skills:
 + Level 3.1 Fighting
 - Level 2.1 Dodging
 - Level 5.0 Stealth
 - Level 5.0 Spellcasting
 + Level 1.8 Conjurations
 + Level 10.0 Air Magic
 + Level 4.0 Poison Magic
 - Level 4.0 Evocations


You had 9 spell levels left.
You knew the following spells:

 Your Spells              Type           Power      Damage    Failure   Level
a - Shock                 Conj/Air       100%       1d9       1%          1
b - Static Discharge      Conj/Air       28%        N/A       1%          2
c - Airstrike             Air            22%        N/A       1%          4
d - Poisonous Vapours     Pois/Air       66%        N/A       1%          2

Your spell library contained the following spells:

 Spells                   Type           Power      Damage    Failure   Level
 Magic Dart               Conj           48%        1d5       5%          1
 Swiftness                Air            45%        N/A       1%          3
 Corpse Rot               Necr/Air       50%        N/A       2%          2
 Call Canine Familiar     Summ           5%         N/A       34%         3
 Portal Projectile        Hex/Tloc       10%        N/A       34%         3
 Dispel Undead            Necr           5%         3d7       75%         4
 Leda's Liquefaction      Hex/Erth       2%         N/A       75%         4
 Death Channel            Necr           2%         N/A       100%        6


Dungeon Overview and Level Annotations

Branches:
Dungeon (7/15)             Temple (0/1) D:5

Altars:
Cheibriados
Makhleb
Nemelex Xobeh
Vehumet

Shops:
D:2 (   D:7 [

Annotations:
D:3 exclusion: water moccasin


Innate Abilities, Weirdness & Mutations

You have a beak for a mouth.
You have claws for feet.
Your magical nature lets you fly swiftly and evasively.


Message History

Something hits you!
* * * LOW HITPOINT WARNING * * *
It was a potion of curing.
You feel better. Something barely misses you. Something hits you.
* * * LOW HITPOINT WARNING * * *
Something hits you.
* * * LOW HITPOINT WARNING * * *
Unknown command.
You feel better. Something hits you but does no damage. Something hits you.
* * * LOW HITPOINT WARNING * * *
Unknown command.
It was a potion of heal wounds.
You feel much better. Something completely misses you. Something hits you.
Casting: Shock (safe; 1% risk of failure)
Confirm with . or Enter, or press ? or * to list all spells.
Aiming: Shock (safe; 1% risk of failure)
Press: ? - help, Shift-Dir - straight line, f - you The zap hits something.
Something barely misses you. Something hits you but does no damage.
Something hits you.
Casting: Shock (safe; 1% risk of failure)
Confirm with . or Enter, or press ? or * to list all spells.
Something is struck by an arc of lightning.
The lightning grounds out.
Something hits you. x2
Unknown command.
Casting: Static Discharge (safe; 1% risk of failure)
Confirm with . or Enter, or press ? or * to list all spells.
Aiming: Airstrike (dangerous; 1% risk of failure)
Press: ? - help, Dir - move target The air twists around and strikes something.
Something barely misses you. Something hits you!
* * * LOW HITPOINT WARNING * * *
Unknown command.
Something completely misses you. Something hits you.
* * * LOW HITPOINT WARNING * * *
Something hits you.
* * * LOW HITPOINT WARNING * * *
You fade into invisibility!
You barely miss something. Your kick misses something.
Something hits you but does no damage. Something hits you!
You die...

#..>.....#)..#
##........#.[.#
#....∩..#####)##.#
# #.........#..<..#
#.#.......#.#.##.##
#.#..#.##.#... .#
..###.#..#.##.#..##
.#
.............[...#
.#
.......@......#.##
..
...####.#######.#
## #.# #. #.#
#.#######.#
#.........#
###########


There were no monsters in sight!

Vanquished Creatures
  Eustachio (D:5)
  A water moccasin (D:6)
  2 black bears
  An orc warrior (D:7)
  A sky beast (D:5)
  4 ogres
  A necrophage (D:5)
  A centaur (D:5)
  A phantom (D:3)
  A kobold brigand (D:6)
  A scorpion (D:3)
  A water moccasin zombie (D:5)
  2 jellies
  3 hounds
  3 orc priests
  5 iguanas
  6 orc wizards
  A hound skeleton (D:4)
  A gnoll (D:3)
  8 adders
  A shadow imp (D:7)
  2 worms
  5 dart slugs
  24 orcs
  5 endoplasms
  3 giant cockroaches
  6 goblins
  6 hobgoblins
  4 jackals (D:3)
  3 quokkas
  3 ball pythons (D:2)
  3 bats
  3 frilled lizards (D:1)
  13 kobolds
  13 rats
139 creatures vanquished.

Notes
Turn   | Place    | Note
-------+----------+-------------------------------------------
     0 | D:1      | quinnr the Tengu Air Elementalist began the quest for the
                  | Orb.
     0 | D:1      | Reached XP level 1. HP: 10/10 MP: 4/4
   321 | D:1      | Reached XP level 2. HP: 15/15 MP: 4/6
   918 | D:1      | Reached XP level 3. HP: 19/19 MP: 6/8
  1435 | D:2      | Found Qofakk's Antique Weapon Shop.
  1798 | D:2      | Found a faded altar of an unknown god.
  1831 | D:1      | Learned a level 2 spell: Static Discharge
  1883 | D:1      | Reached skill level 5 in Air Magic
  1883 | D:1      | Reached XP level 4. HP: 24/24 MP: 3/9
  2702 | D:2      | Reached skill level 6 in Air Magic
  2702 | D:2      | Gained mutation: Your magical nature lets you fly swiftly
                  | and evasively. [Tengu growth]
  2702 | D:2      | Reached XP level 5. HP: 27/28 MP: 4/10
  2707 | D:2      | Learned a level 4 spell: Airstrike
  3395 | D:3      | Reached XP level 6. HP: 25/32 MP: 2/12
  3481 | D:3      | Reached skill level 7 in Air Magic
  3664 | D:3      | Found a sparkling altar of Nemelex Xobeh.
  3742 | D:3      | Found a radiant altar of Vehumet.
  3784 | D:3      | Became a worshipper of Vehumet
  3920 | D:3      | Noticed a water moccasin
  4434 | D:4      | Reached skill level 5 in Spellcasting
  4434 | D:4      | Reached XP level 7. HP: 36/36 MP: 2/15
  4919 | D:4      | Learned a level 2 spell: Poisonous Vapours
  5096 | D:4      | Reached skill level 5 in Stealth
  5325 | D:4      | Reached skill level 1 in Fighting
  5325 | D:4      | Reached skill level 1 in Poison Magic
  5464 | D:5      | Entered Level 5 of the Dungeon
  5581 | D:5      | Noticed Eustachio
  5599 | D:5      | Killed Eustachio
  5600 | D:5      | Reached XP level 8. HP: 44/44 MP: 5/16
  5917 | D:5      | Reached skill level 8 in Air Magic
  6330 | D:5      | Found a staircase to the Ecumenical Temple.
  6557 | D:5      | Found a snail-covered altar of Cheibriados.
  6601 | D:5      | Reached skill level 1 in Evocations
  6956 | D:5      | Found a burning altar of Makhleb.
  7138 | D:5      | Reached * piety under Vehumet
  7138 | D:5      | Offered knowledge of Magic Dart by Vehumet.
  7709 | D:6      | Reached skill level 9 in Air Magic
  7709 | D:6      | Reached XP level 9. HP: 42/50 MP: 10/17
  8398 | D:7      | Reached skill level 10 in Air Magic
  8561 | D:7      | Found Beptete's Antique Armour Shoppe.
  8568 | D:7      | Bought a pair of heavily runed gloves for 266 gold pieces
  8568 | D:7      | Identified the +1 pair of gloves "Usehahoc" {-Cast rC+ rN+
                  | Regen+} (You bought it in a shop on level 7 of the Dungeon)
  8592 | D:7      | HP: 3/50 [something (8)]
  8593 | D:7      | HP: 1/50 [something (3)]
  8600 | D:7      | HP: 3/50 [something (5)]
  8602 | D:7      | Mangled by an unseen horror

Illustrated notes

Levels and vault maps discovered:
D:1:      lightli_arrival_boilingwater, layout_loops_ring, fountainhead
D:2:      layout_loops_ring, chequers_ecumenical_altar_island, serial_shops,
          shop
D:3:      minmay_inner_zag, layout_rooms, general_overflow_altar,
          mainiacjoe_overflow_alcove_2, mainiacjoe_overflow_alcove_1
D:4:      layout_rooms, chequers_mini_garden
D:5:      layout_loops_corners, kennysheep_mini, makhleb_heckhound_becter,
          minmay_temple_entry_statues_pillars, uniq_eustachio
D:6:      layout_basic
D:7:      kennysheep_housing_project, layout_loops_ring,
          nicolae_overflow_crystal_walls, mainiacjoe_overflow_six_doors_small,
          mainiacjoe_overflow_catwalk, serial_shops, shop, minmay_shop_damaged,
          uniq_maggie

Skill      XL: |  1  2  3  4  5  6  7  8  9 |
---------------+----------------------------+-----
Spellcasting   | 3 5 |  5.0
Stealth        | 3 5 |  5.0
Air Magic      | 5 6 7 9 10 | 10.0
Fighting       | 2 3 |  3.1
Poison Magic   | 2 4 |  4.0
Evocations     | 2 4 |  4.0
Dodging        | |  2.1
Conjurations   | |  1.8

Action                   |  1- 3 |  4- 6 |  7- 9 || total
-------------------------+-------+-------+-------++-------
Melee: Unarmed           |     2 |     4 |       ||     6
       Dagger            |       |       |    16 ||    16
       Peck              |       |       |     2 ||     2
       Kick              |       |       |     3 ||     3
 Cast: Shock             |    82 |   103 |   121 ||   306
       Static Discharge  |       |     8 |    14 ||    22
       Airstrike         |       |     5 |    21 ||    26
       Poisonous Vapours |       |       |    44 ||    44
  Use: Potion            |       |     2 |     4 ||     6
       Scroll            |       |       |     2 ||     2
 Stab: Sleeping          |       |     1 |       ||     1
Armor: Robe              |     3 |     6 |    19 ||    28
       Skin              |       |     4 |       ||     4
Dodge: Dodged            |     6 |    19 |    32 ||    57

Table legend: (Time is in decaauts)
 A = Elapsed time spent in this place.
 B = Non-inter-level travel time spent in this place.
 C = Inter-level travel time spent in this place.
 D = Time resting spent in this place.
 E = Time spent auto-exploring this place.
 F = Levels seen in this place.
 G = Mean time per level.
                   A        B        C        D        E       F      G
               +--------+--------+--------+--------+--------+-----+--------+
         Total |   8370 |   8030 |    340 |    983 |   5978 |   7 | 1195.7 |
       Dungeon |   8370 |   8030 |    340 |    983 |   5978 |   7 | 1195.7 |
               +--------+--------+--------+--------+--------+-----+--------+

Top non-repeatable levels by time:
     D:5: 1891 daAuts
     D:2: 1559 daAuts
     D:1: 1551 daAuts
     D:3: 1368 daAuts
     D:6: 994 daAuts
     D:4: 893 daAuts
     D:7: 111 daAuts
